 Dungeon Crawl Stone Soup version 0.18.1-50-g88ac8fd (webtiles) character file.

714 Chiseanne the Gusty (level 7, -4/75 HPs)
             Began as a Centaur Air Elementalist on Oct 9, 2016.
             Slain by Pikel
             ... wielding a +0 whip of electrocution
              (17 damage)
             ... on level 5 of the Dungeon.
             The game lasted 00:14:34 (6861 turns).

Chiseanne the Gusty (Centaur Air Elementalist)      Turns: 6861, Time: 00:14:34

Health: -4/75      AC:  4    Str: 15    XL:     7   Next: 41%
Magic:  10/12      EV:  9    Int: 16    God:
Gold:   351        SH:  0    Dex: 10    Spells: 3 memorised, 7 levels left

rFire  . . .     SeeInvis .     a - +3 war axe (flame)
rCold  . . .     Gourm    .     g - +0 robe
rNeg   . . .     Faith    .     (no shield)
rPois  .         Spirit   .     (no helmet)
rElec  .         Dismiss  .     (no cloak)
rCorr  .         Reflect  .     (no gloves)
SustAt .         Harm     .     (no barding)
MR     .....                    (no amulet)
Stlth  ..........               (no ring)
                                q - ring of stealth

@: mighty, berserking, very slightly contaminated, very quick, not resistant to
hostile enchantments, extremely unstealthy
A: hooves 3, deformed body, speed 2, tough skin 3
a: no special abilities


You were on level 5 of the Dungeon.
You were hungry.

You visited 1 branch of the dungeon, and saw 5 of its levels.

You collected 351 gold pieces.

Inventory:

Hand Weapons
 a - a +3 war axe of flaming (weapon)
 v - a +0 morningstar of holy wrath
Missiles
 e - 24 bolts
 f - 2 throwing nets (quivered)
 i - 156 stones
 l - 87 sling bullets
 x - 8 poisoned needles
Armour
 g - a +0 robe (worn)
Jewellery
 q - a ring of stealth (left hand)
Scrolls
 r - a scroll of blinking
 t - 2 scrolls of remove curse
Potions
 d - 3 potions of might
 h - a potion of magic
 n - a potion of lignification
 p - a potion of curing {unknown}
 u - a potion of mutation {unknown}
 z - a potion of heal wounds {unknown}
Books
 b - a book of Air

   Spells                             Type                      Level
   a - Shock                          Conjuration/Air              1
   b - Swiftness                      Charms/Air                   2
   c - Repel Missiles                 Charms/Air                   2
   d - Static Discharge               Conjuration/Air              3
   e - Lightning Bolt                 Conjuration/Air              5
Comestibles
 c - 6 bread rations
 k - 5 fruits
 m - a slice of pizza
 o - 4 meat rations
 w - a beef jerky


   Skills:
 - Level 1.3 Dodging
 - Level 1.2 Stealth
 * Level 3.9 Spellcasting
 * Level 4.3 Conjurations
 * Level 5.0 Air Magic


You had 7 spell levels left.
You knew the following spells:

 Your Spells              Type           Power        Failure   Level  Hunger
a - Shock                 Conj/Air       ###.         2%          1    None
b - Repel Missiles        Chrm/Air       ##....       12%         2    ##.....
c - Static Discharge      Conj/Air       ###.....     10%         3    ###....


Dungeon Overview and Level Annotations

Branches:
Dungeon (5/15)
 Temple: D:4-7

Altars:
Ru
Trog
Zin

Annotations:
D:5 Pikel


Innate Abilities, Weirdness & Mutations

You have hooves in place of feet.
Armour fits poorly on your strangely shaped body.
You cover ground very quickly.
You have extremely tough skin (AC +3).


Message History

Confirm with . or Enter, or press ? or * to list all spells.
The giant frog zombie is struck by lightning.
The lightning grounds out.
The giant frog zombie hits you.
Pikel hits you with a whip of electrocution.
You are electrocuted!
* * * LOW HITPOINT WARNING * * *
The giant frog zombie barely misses you.
Drink which item? (? for menu, Esc to quit)
A red film seems to cover your vision as you go berserk!
You feel yourself moving faster!
You feel mighty! Pikel barely misses you. The giant frog zombie hits you.
* * * LOW HITPOINT WARNING * * *
You slash Pikel! You burn Pikel. You kick Pikel.
Pikel is severely wounded.
You hit the giant frog zombie. You burn the giant frog zombie.
Pikel sighs. "I should go into elves; they're easier to handle.
And prettier!"
Pikel hits you with a whip of electrocution!
* * * LOW HITPOINT WARNING * * *
You are electrocuted!
You die...

### #.# #.. ##### #.# ...#
#.# ###.######## #.#
#........... #.#
#.#######Z#.#######. #.#
#.?.pppK@.#.#######.# #.#
#############.#.......# #.#
#...#.......#.#.#########.#
##..#.#####.#..............
#..#.#####.###.########.##
#..#.....#.# #.# #.....
#.....##.#.# #.# #.....
#.#....#.#####.######.....
#.#....#..................


You could see Pikel, 3 slaves and a giant frog zombie.

Vanquished Creatures
  Menkaure (D:5)
  2 giant frogs
  A hound (D:4)
  A giant frog skeleton (D:5)
  2 orc priests (D:5)
  4 iguanas
  3 worker ants
  6 adders
  An ooze (D:5)
  3 worms
  A dart slug (D:2)
  11 orcs (D:5)
  5 bats
  3 giant cockroaches
  12 goblins
  6 hobgoblins
  4 quokkas
  2 ball pythons
  10 giant newts
  4 kobolds (D:2)
  10 rats
92 creatures vanquished.

Vanquished Creatures (others)
  An orc wizard (D:5)
1 creature vanquished.

Grand Total: 93 creatures vanquished

Notes
Turn   | Place    | Note
--------------------------------------------------------------
     0 | D:1      | Chiseanne the Centaur Air Elementalist began the quest for the Orb.
     0 | D:1      | Reached XP level 1. HP: 14/14 MP: 3/3
   124 | D:1      | Reached skill level 1 in Conjurations
   453 | D:1      | Reached XP level 2. HP: 19/20 MP: 0/4
   592 | D:1      | Reached skill level 3 in Air Magic
  1088 | D:1      | Learned a level 2 spell: Repel Missiles
  1163 | D:2      | Reached XP level 3. HP: 21/26 MP: 0/6
  2164 | D:3      | Found a glowing silver altar of Zin.
  2307 | D:3      | Reached XP level 4. HP: 33/33 MP: 7/7
  3073 | D:3      | Noticed a giant frog
  3082 | D:3      | Killed a giant frog
  3082 | D:3      | Reached XP level 5. HP: 13/38 MP: 0/9
  3458 | D:3      | Learned a level 3 spell: Static Discharge
  4053 | D:4      | Found a bloodstained altar of Trog.
  4117 | D:4      | Reached skill level 4 in Air Magic
  4222 | D:4      | Found a sacrificial altar of Ru.
  4477 | D:4      | Reached XP level 6. HP: 16/45 MP: 1/10
  4959 | D:5      | Entered Level 5 of the Dungeon
  5121 | D:5      | Noticed Menkaure
  5175 | D:5      | HP: 1/45 [/static electricity (3)]
  5480 | D:5      | Killed Menkaure
  5816 | D:5      | Reached XP level 7. HP: 35/50 MP: 3/12
  6705 | D:5      | Reached skill level 5 in Air Magic
  6848 | D:5      | Noticed Pikel
  6861 | D:5      | Slain by Pikel

Skill      XL: |  1  2  3  4  5  6  7 |
---------------+----------------------+-----
Conjurations   | 1 2 3 4 |  4.3
Spellcasting   | 2 3 |  3.9
Air Magic      | 3 4 5 |  5.0
Dodging        | |  1.3
Stealth        | |  1.2

Action                   |  1- 3 |  4- 6 |  7- 9 || total
-------------------------+-------+-------+-------++-------
Melee: Dagger            |    13 |       |       ||    13
       Kick              |     6 |     4 |     2 ||    12
       War axe           |    32 |    51 |    21 ||   104
 Cast: Shock             |    70 |    92 |    32 ||   194
       Repel Missiles    |     1 |       |       ||     1
       Static Discharge  |       |     4 |     4 ||     8
  Use: Scroll            |    10 |     5 |       ||    15
       Potion            |       |       |     8 ||     8
  Eat: Chunk             |     5 |    10 |     3 ||    18
Armor: Robe              |    30 |    23 |     6 ||    59
       Skin              |       |       |    26 ||    26
Dodge: Dodged            |    29 |    49 |     6 ||    84
       Deflected         |     1 |       |       ||     1
